 Dungeon Crawl Stone Soup version 0.29.0-4-gdea44cf6ec (webtiles) character file.

Game seed: 6991952294580222420

79 qw the Chopper (level 4, -1/26 HPs)
             Began as a Tengu Warper on Aug 28, 2022.
             Slain by Robin
             ... wielding a +2 mace of protection
              (6 damage)
             ... on level 2 of the Dungeon.
             The game lasted 00:00:12 (1800 turns).

qw the Chopper (Tengu Warper)                       Turns: 1800, Time: 00:00:12

Health: -1/26      AC:  3    Str: 14    XL:     4   Next: 37%
Magic:  8/8        EV: 12    Int: 13    God:
Gold:   70         SH:  0    Dex: 13    Spells: 7/7 levels left

rFire   . . .      SeeInvis .   Y - +0 hand axe
rCold   . . .      Faith    .   (no shield)
rNeg    . . .      Spirit   .   b - +0 leather armour
rPois   .          Reflect  .   (helmet restricted)
rElec   .          Harm     .   (no cloak)
rCorr   .          Rampage  .   (no gloves)
Will    .....                   (boots unavailable)
Stlth   +.........              (no amulet)
HPRegen 0.08/turn               (no ring)
MPRegen 0.11/turn               (no ring)

@: about to teleport
A: beak, talons 3
a: no special abilities


You were on level 2 of the Dungeon.
You visited 1 branch of the dungeon, and saw 2 of its levels.

You collected 70 gold pieces.


Innate Abilities, Weirdness & Mutations

You have a beak for a mouth.
You have claws for feet.


   Skills:
 - Level 2.0 Fighting
 + Level 4.9 Axes
 - Level 1.0 Throwing
 - Level 1.1 Armour
 - Level 2.1 Dodging
 - Level 2.0 Spellcasting
 - Level 2.4 Translocations


You had 7 spell levels left.
You didn't know any spells.
Your spell library contained the following spells:

 Spells                   Type           Power      Damage    Failure   Level
 Blink                    Tloc           14%        N/A       19%         2
 Gell's Gravitas          Tloc           7%         N/A       34%         3
 Lesser Beckoning         Tloc           7%         N/A       34%         3
 Teleport Other           Tloc           7%         N/A       34%         3
 Manifold Assault         Tloc           7%         N/A       97%         5

Inventory:

Hand Weapons
 Y - a +0 hand axe (weapon)
Armour
 b - a +0 leather armour (worn)
 g - a +0 ring mail
 h - a +0 kite shield
 k - a +0 pair of gloves
Scrolls
 c - a scroll of noise {unknown}
 d - a scroll of enchant armour {unknown}
 e - 2 scrolls of identify
Potions
 a - a potion of attraction {unknown}
 i - a potion of curing {unknown}
 j - a potion of brilliance {unknown}

Dungeon Overview and Level Annotations

Branches:
Dungeon (2/15)

Altars:

Annotations:
D:2 Robin


Message History

You slash the goblin!
You kill the goblin!
Robin roars a battlecry!
The goblins go into a battle-frenzy!
The goblin shoots a sling bullet.
The sling bullet hits you.
You hit the hobgoblin. You claw the hobgoblin.
You kill the hobgoblin!
Robin throws the goblin at you!
You hit the goblin.
You kill the goblin!
You hit the goblin.
You kill the goblin!
You hit the hobgoblin. Your kick misses the hobgoblin.
The hobgoblin is almost dead.
You hit the goblin.
The goblin unwields a +0 sling.
The goblin wields a +0 club.
The goblin hits you with a +0 club.
You closely miss the hobgoblin. You claw the hobgoblin.
You kill the hobgoblin!
You hit the goblin.
You kill the goblin!
You closely miss the goblin. The goblin hits you with a +0 dagger.
You hit Robin but do no damage. You claw Robin, but do no damage.
You peck Robin, but do no damage. You hit the goblin.
Robin throws the goblin at you! The goblin hits you with a +0 dagger.
You hit the goblin.
You kill the goblin!
You hit Robin but do no damage.
Robin hits you with a +2 mace of protection.
1798 ||| READING scroll of teleportation.
As you read the scroll of teleportation, it crumbles to dust.
You feel strangely unstable. Robin closely misses you.
You barely miss Robin. You claw Robin, but do no damage.
Robin closely misses you.
You hit Robin but do no damage. You claw Robin.
Robin is moderately wounded.
Robin hits you with a +2 mace of protection.
You die...

. .. ..$ ## ###....
..########### ###......g
...........###)..##....
##............))@##.....
##..........##)#%g....##
....##...#.............#
.#.........#..#........#
.#.....J...#.##.........
##......................
#..................)...#
.........<..##........(#
#...#..................#


You could see Robin.

Vanquished Creatures
  An adder (D:2)
  A worm (D:2)
  A dart slug (D:1)
  4 ball pythons
  2 bats
  8 endoplasms
  A giant cockroach (D:1)
  8 goblins
  10 hobgoblins
  3 jackals (D:2)
  4 kobolds
  A quokka (D:1)
  7 frilled lizards
  4 rats (D:1)
55 creatures vanquished.

Notes
Turn   | Place    | Note
-------+----------+-------------------------------------------
     0 | D:1      | qw the Tengu Warper began the quest for the Orb.
     0 | D:1      | Reached XP level 1. HP: 12/12 MP: 4/4
     0 | D:1      | 0 ||| qw: Version: 0.1-a-89-g26bdef1
     0 | D:1      | 0 ||| qw: Game counter: 21
     0 | D:1      | 0 ||| qw: Always use a shield: true
     0 | D:1      | 0 ||| qw: God list: Okawaru
     0 | D:1      | 0 ||| qw: Allow faded altars: false
     0 | D:1      | 0 ||| qw: Do Orc after D:15 true
     0 | D:1      | 0 ||| qw: Do second Lair branch before Depths: true
     0 | D:1      | 0 ||| qw: Lair rune preference: random
     0 | D:1      | 0 ||| qw: Plans: Normal
     0 | D:1      | 0 ||| PLANNING D:1-11
   128 | D:1      | Reached skill level 3 in Axes
   128 | D:1      | Reached XP level 2. HP: 10/17 MP: 6/6
   544 | D:1      | 544 ||| Stepping ~*~*~tactically~*~*~ (hiding).
   623 | D:1      | 623 ||| Stepping ~*~*~tactically~*~*~ (stealth).
   757 | D:1      | Reached XP level 3. HP: 21/21 MP: 7/7
   801 | D:1      | 801 ||| Stepping ~*~*~tactically~*~*~ (stealth).
   803 | D:1      | 803 ||| Stepping ~*~*~tactically~*~*~ (stealth).
   804 | D:1      | 804 ||| Stepping ~*~*~tactically~*~*~ (stealth).
   805 | D:1      | 805 ||| Stepping ~*~*~tactically~*~*~ (stealth).
   812 | D:1      | 812 ||| Stepping ~*~*~tactically~*~*~ (stealth).
   813 | D:1      | 813 ||| Stepping ~*~*~tactically~*~*~ (stealth).
   814 | D:1      | 814 ||| Stepping ~*~*~tactically~*~*~ (stealth).
   982 | D:1      | 982 ||| READING scroll labelled UTINKU PEEGI.
   983 | D:1      | 983 ||| READING 2 scrolls labelled XOMIHE VUESU.
   986 | D:1      | 986 ||| READING scroll labelled NEMITRI FOEW.
   987 | D:1      | 987 ||| READING scroll labelled XIHUYMNIDAO.
   988 | D:1      | 988 ||| DRINKING 2 puce potions.
   989 | D:1      | 989 ||| DROPPING scroll of blinking.
   990 | D:1      | 990 ||| DROPPING potion of magic.
  1040 | D:2      | Reached skill level 4 in Axes
  1076 | D:2      | 1076 ||| FLEEEEING.
  1082 | D:2      | 1082 ||| STAIRDANCE
  1188 | D:2      | Found a faded altar of an unknown god.
  1292 | D:2      | 1292 ||| FLEEEEING.
  1377 | D:2      | 1377 ||| FLEEEEING.
  1484 | D:2      | Reached XP level 4. HP: 13/26 MP: 8/8
  1500 | D:2      | 1500 ||| Stepping ~*~*~tactically~*~*~ (stealth).
  1549 | D:2      | 1549 ||| Stepping ~*~*~tactically~*~*~ (stealth).
  1550 | D:2      | 1550 ||| Stepping ~*~*~tactically~*~*~ (stealth).
  1560 | D:2      | 1560 ||| Stepping ~*~*~tactically~*~*~ (stealth).
  1561 | D:2      | 1561 ||| FLEEEEING.
  1562 | D:2      | 1562 ||| FLEEEEING.
  1564 | D:2      | 1564 ||| FLEEEEING.
  1664 | D:2      | 1664 ||| Stepping ~*~*~tactically~*~*~ (stealth).
  1692 | D:2      | 1692 ||| Stepping ~*~*~tactically~*~*~ (stealth).
  1757 | D:2      | 1757 ||| Stepping ~*~*~tactically~*~*~ (stealth).
  1762 | D:2      | 1762 ||| Stepping ~*~*~tactically~*~*~ (stealth).
  1764 | D:2      | 1764 ||| Stepping ~*~*~tactically~*~*~ (stealth).
  1769 | D:2      | 1769 ||| Stepping ~*~*~tactically~*~*~ (stealth).
  1772 | D:2      | 1772 ||| Stepping ~*~*~tactically~*~*~ (stealth).
  1777 | D:2      | 1777 ||| Stepping ~*~*~tactically~*~*~ (stealth).
  1778 | D:2      | 1778 ||| Stepping ~*~*~tactically~*~*~ (stealth).
  1779 | D:2      | 1779 ||| Stepping ~*~*~tactically~*~*~ (stealth).
  1780 | D:2      | 1780 ||| Stepping ~*~*~tactically~*~*~ (stealth).
  1780 | D:2      | Noticed Robin
  1781 | D:2      | 1781 ||| Stepping ~*~*~tactically~*~*~ (hiding).
  1786 | D:2      | 1786 ||| Stepping ~*~*~tactically~*~*~ (hiding).
  1787 | D:2      | 1787 ||| Stepping ~*~*~tactically~*~*~ (stealth).
  1797 | D:2      | HP: 5/26 [Robin/+2 mace of protection (6)]
  1798 | D:2      | 1798 ||| READING scroll of teleportation.
  1800 | D:2      | Slain by Robin

Levels and vault maps discovered:
D:1:      dpeg_arrival_simpleton_b, layout_basic, minmay_crystal_room,
          palyth_stone_intersect
D:2:      layout_rooms, hellmonk_ecumenical_altar_crossroads,
          minmay_pentomino_s4, uniq_robin

Skill      XL: |  1  2  3 |
---------------+----------+-----
Axes           | 3 4 |  4.9
Fighting       | |  2.0
Throwing       | |  1.0
Armour         | |  1.1
Dodging        | |  2.1
Spellcasting   | |  2.0
Translocations | |  2.4

Action                   |  1- 3 |  4- 6 || total
-------------------------+-------+-------++-------
Melee: Hand axe          |    86 |    29 ||   115
       Kick              |    18 |     9 ||    27
       Peck              |    15 |     4 ||    19
       Punch             |       |     1 ||     1
Throw: Boomerang         |     7 |       ||     7
  Use: Scroll            |     4 |     1 ||     5
       Potion            |     1 |       ||     1
Armor: Leather armour    |    17 |     1 ||    18
Dodge: Dodged            |    49 |    17 ||    66

Table legend:
 A = Non-vault XP
 B = Vault XP
 C = Vault XP percentage of total XP
 D = Non-vault monster count
 E = Vault monster count
 F = Vault count percentage of total count
                 A         B        C        D         E       F
            +---------+---------+-------+---------+---------+-------
      Total |      89 |      24 |  21.2 |      42 |      13 |  23.6
            +---------+---------+-------+---------+---------+-------
        D:1 |      43 |       0 |   0.0 |      25 |       0 |   0.0
        D:2 |      46 |      24 |  34.3 |      17 |      13 |  43.3
            +---------+---------+-------+---------+---------+-------
